 Dungeon Crawl Stone Soup version 0.25-a0-98-g0cf78c2f83 (webtiles) character file.

Game seed: 5921604960491295384, levelgen mode: deterministic

2601 MrRokkomies the Fighter (level 9, -12/85 HPs)
             Began as a Ghoul Monk on Nov 13, 2019.
             Was a Priest of Nemelex Xobeh.
             Mangled by a two-headed ogre
             ... wielding a +0 giant spiked club
              (21 damage)
             ... on level 8 of the Dungeon.
             The game lasted 00:11:24 (5647 turns).

MrRokkomies the Fighter (Ghoul Monk)                Turns: 5647, Time: 00:11:25

Health: -12/85     AC:  8    Str: 18    XL:     9   Next: 59%
Magic:  11/11      EV:  7    Int:  5    God:    Nemelex Xobeh [***...]
Gold:   259        SH:  0    Dex: 11    Spells: 8/8 levels left

rFire    . . .     SeeInvis .     - Unarmed
rCold    + . .     Gourm    .   (no shield)
rNeg     + + +     Faith    .   F - +0 chain mail
rPois    ∞         Spirit   .   (no helmet)
rElec    .         Reflect  .   (no cloak)
rCorr    .         Harm     .   (no gloves)
MR       .....                  (no boots)
Stlth    ..........             g - amulet of regeneration
HPRegen  0.00/turn              (no ring)
MPRegen  0.12/turn              A - ring of poison resistance

@: rotting
A: rotting body, claws 1, carnivore, cold resistance 1, negative energy
resistance 3, inhibited regeneration, torment resistance, unbreathing
a: Draw Escape, Draw Destruction, Draw Summoning, Triple Draw, Renounce Religion


You were on level 8 of the Dungeon.
You worshipped Nemelex Xobeh.
Nemelex Xobeh was most pleased with you.
You were not hungry.

You visited 2 branches of the dungeon, and saw 9 of its levels.

You collected 479 gold pieces.
You spent 220 gold pieces at shops.

Inventory:

Hand Weapons
 b - a +0 shortbow
 m - a +1 hunting sling
Missiles
 i - 364 stones
 o - 75 poisoned darts (quivered)
 w - 92 arrows
Armour
 F - a +0 chain mail (worn)
Jewellery
 g - an amulet of regeneration (around neck)
 l - an uncursed ring of ice
 A - a ring of poison resistance (right claw)
Wands
 n - a wand of digging (4)
 u - a wand of acid (1)
Scrolls
 c - a scroll of magic mapping
 e - 4 scrolls of remove curse
 f - 4 scrolls of fear
 r - a scroll of amnesia
 s - 3 scrolls of teleportation
 t - a scroll of enchant weapon
 G - a scroll of enchant armour
Potions
 d - 2 potions of magic
 j - a potion of might
 k - 2 potions of curing
 p - 4 potions of heal wounds
 q - a potion of cancellation {unknown}
 v - a potion of resistance {unknown}
 x - a potion of flight {unknown}
 D - a potion of ambrosia {unknown}
 E - a potion of brilliance {unknown}
Comestibles
 a - 2 chunks of flesh
 h - 13 rations


   Skills:
 * Level 9.8 Fighting
 - Level 2.6 Dodging
 - Level 2.1 Stealth
 * Level 9.8 Unarmed Combat
 + Level 4.8 Invocations


You had 8 spell levels left.
You didn't know any spells.
Your spell library contained the following spells:

 Spells                   Type           Power        Failure   Level  Hunger
 Animate Skeleton         Necr           N/A          100%        1    ##.....
 Pain                     Necr           #...         100%        1    ##.....
 Regeneration             Chrm/Necr      #.........   100%        3    ####...
 Vampiric Draining        Necr           #.........   100%        3    ####...
 Animate Dead             Necr           N/A          100%        4    #####..


Dungeon Overview and Level Annotations

Branches:
Dungeon (8/15)             Temple (1/1) D:5            Lair (0/6) D:8

Altars:
Ashenzari
Cheibriados
Dithmenos
Elyvilon
Fedhas
Gozag
Hepliaklqana
Kikubaaqudgha
Makhleb
Nemelex Xobeh
Okawaru
Qazlal
Ru
Sif Muna
Trog
Uskayaw
Vehumet
Wu Jian
Xom
Yredelemnul
Zin
The Shining One

Shops:
D:4 }   D:5 %   D:6 [[[   D:7 *

Annotations:
D:3 Grinder


Innate Abilities, Weirdness & Mutations

Your body is rotting away.
You thrive on raw meat.
You are immune to poison.
You have sharp fingernails.
You are carnivorous and can eat meat at any time.
Your flesh is cold resistant. (rC+)
You are immune to negative energy. (rN+++)
You do not regenerate when monsters are visible.
You are immune to unholy pain and torment.
You can survive without breathing.


Message History

The killer bee is almost dead.
The killer bee stings you but does no damage.
You claw the killer bee!
You kill the killer bee!
The crimson imp blinks!
You claw the two-headed ogre!
The two-headed ogre is lightly wounded.
You claw the two-headed ogre!
The two-headed ogre is moderately wounded.
You claw the two-headed ogre!
The two-headed ogre is heavily wounded.
The two-headed ogre hits you with a +0 giant spiked club!!
* * * LOW HITPOINT WARNING * * *
The two-headed ogre hits you with a +0 dire flail!
* * * LOW HITPOINT WARNING * * *
You closely miss the two-headed ogre.
The two-headed ogre is heavily wounded.
The two-headed ogre hits you with a +0 giant spiked club!!
You die...
Your body glows with a rainbow of weird colours and disappears.

*,,** #...#* ##....#* *......#*
**#.....#* *** #......## ***
*,**#....*#.#
**,*##..*#....##y######
**...#...*#....@OyyZ#..##
*,.(.#...##...####y5....## *##
#**#...........# #####...#*#.###
####...........#########..##....#
#.#.........##...#..#.......<....
.......>....#..#........?O.......
...............#...##.....†..##..
...............##.##.........#***
...!..............#..........#***


You could see a two-headed ogre, 4 killer bees, a crimson imp and an adder
zombie.

Vanquished Creatures
  An elephant (D:8)
  A yak (D:8)
  A basilisk (D:8)
  Menkaure (D:5)
  An ice beast (D:7)
  A phantom (D:8)
  2 sky beasts
  A centaur (D:5)
  6 ogres
  A crocodile (D:8)
  A bullfrog (D:6)
  A scorpion (D:4)
  4 killer bees (D:8)
  3 crimson imps
  A bullfrog zombie (D:6)
  A centaur skeleton (D:4)
  2 hounds
  A jelly (D:8)
  An orc wizard (D:8)
  5 worker ants
  A hound skeleton (D:7)
  7 adders
  An ooze (D:7)
  2 adder skeletons
  2 worms
  A dart slug (D:1)
  7 leopard geckos
  8 orcs
  4 giant cockroaches
  5 goblins
  2 hobgoblins
  8 jackals
  6 kobolds
  4 quokkas
  2 ball pythons
  2 bats (D:1)
  2 frilled lizards
  3 quokka skeletons
  4 rats
107 creatures vanquished.

Vanquished Creatures (collateral kills)
  2 orcs (D:7)
2 creatures vanquished.

Grand Total: 109 creatures vanquished

Notes
Turn   | Place    | Note
-------+----------+-------------------------------------------
     0 | D:1      | MrRokkomies the Ghoul Monk began the quest for the Orb.
     0 | D:1      | Reached XP level 1. HP: 19/19 MP: 0/0
   202 | D:1      | Reached XP level 2. HP: 20/26 MP: 1/1
   826 | D:2      | Reached XP level 3. HP: 31/31 MP: 2/2
  1273 | D:3      | Noticed Grinder
  1315 | D:3      | Reached XP level 4. HP: 41/41 MP: 3/3
  1331 | D:3      | Paralysed by Grinder for 6 turns
  1566 | D:4      | Reached XP level 5. HP: 38/47 MP: 4/4
  1677 | D:4      | Noticed an ogre
  1689 | D:4      | Killed an ogre
  1689 | D:4      | Reached skill level 5 in Fighting
  1689 | D:4      | Reached skill level 5 in Unarmed Combat
  1868 | D:4      | Noticed an ogre
  1873 | D:4      | Killed an ogre
  1873 | D:4      | Reached XP level 6. HP: 42/57 MP: 5/5
  1931 | D:4      | Reached XP level 7. HP: 57/64 MP: 6/6
  1969 | D:4      | Found Leluh's Gadget Emporium.
  2138 | D:4      | Bought a wand of acid (6) for 220 gold pieces
  2547 | D:5      | Entered Level 5 of the Dungeon
  2602 | D:5      | Found a staircase to the Ecumenical Temple.
  2633 | Temple   | Entered the Ecumenical Temple
  2830 | Temple   | Became a worshipper of Nemelex Xobeh the Trickster
  2830 | Temple   | Received a gift from Nemelex Xobeh
  2830 | Temple   | Reached * piety under Nemelex Xobeh
  2830 | Temple   | Received a gift from Nemelex Xobeh
  2830 | Temple   | Reached ** piety under Nemelex Xobeh
  3021 | D:5      | Found Ibiufaho's Food Shoppe.
  3058 | D:5      | Noticed Menkaure
  3076 | D:5      | HP: 2/62 [Menkaure (15)]
  3077 | D:5      | Killed Menkaure
  3077 | D:5      | Reached skill level 1 in Invocations
  3240 | D:5      | Received a gift from Nemelex Xobeh
  3776 | D:6      | Reached XP level 8. HP: 19/73 MP: 8/8
  3947 | D:6      | Found Poixt's Armour Shop.
  4020 | D:6      | Found Waihic's Antique Armour Boutique.
  4048 | D:6      | Found Untixzou's Antique Armour Emporium.
  4101 | D:6      | Found an ancient bone altar of Kikubaaqudgha.
  4210 | D:6      | Found a shattered altar of Ashenzari.
  4471 | D:7      | Reached *** piety under Nemelex Xobeh
  4692 | D:7      | Received a gift from Nemelex Xobeh
  4813 | D:7      | Found Toublul's General Store.
  5215 | D:8      | Received a gift from Nemelex Xobeh
  5220 | D:7      | Noticed a red devil
  5420 | D:8      | Found a staircase to the Lair.
  5420 | D:8      | Noticed a yak
  5420 | D:8      | Noticed an elephant
  5431 | D:8      | Reached XP level 9. HP: 49/82 MP: 10/10
  5438 | D:8      | Killed an elephant
  5612 | D:8      | Noticed a two-headed ogre
  5647 | D:8      | Mangled by a two-headed ogre

Levels and vault maps discovered:
D:1:      nicolae_arrival_memento_mori, layout_loops_ring, minmay_crystal_water
D:2:      layout_rooms
D:3:      layout_loops_ring, first_ration, uniq_grinder
D:4:      layout_basic, serial_shops, shop
D:5:      layout_cave_pods, minmay_temple_entry_junction_2,
          gup_sewer_entry_spiral, serial_shops, kennysheep_mini_moat,
          uniq_menkaure
D:6:      layout_loops_ring, old_standard_altar, serial_shops,
          nicolae_shop_statue_plus, kennysheep_mini, shop_statue,
          ashenzari_altar_1
D:7:      layout_basic, serial_shops, nicolae_shop_crystal
D:8:      gammafunk_jiyva_shrine, layout_cave_pools, david_lair_generic,
          david_nohive_1, minmay_quadrilaterals
Temple:   minmay_crystal_snake_temple

Skill      XL: |  1  2  3  4  5  6  7  8  9 |
---------------+----------------------------+-----
Unarmed Combat | 4 5 6 7 8 9 |  9.8
Fighting       | 4 5 6 7 8 9 |  9.8
Invocations    | 1 3 4 |  4.8
Dodging        | |  2.6
Stealth        | |  2.1

Action                   |  1- 3 |  4- 6 |  7- 9 || total
-------------------------+-------+-------+-------++-------
Melee: Unarmed           |    94 |    56 |   265 ||   415
       Punch             |       |     1 |     5 ||     6
 Fire: Hunting sling     |     7 |       |       ||     7
Throw: Dart              |       |    10 |     3 ||    13
 Abil: Draw Summoning    |       |       |     1 ||     1
Evoke: Wand              |       |       |     5 ||     5
  Use: Scroll            |    10 |       |     9 ||    19
       Potion            |       |       |     2 ||     2
 Stab: Sleeping          |     5 |       |     3 ||     8
       Distracted        |       |       |     1 ||     1
  Eat: Chunk             |     7 |       |    25 ||    32
Armor: Robe              |     8 |     7 |    33 ||    48
       Chain mail        |       |       |    35 ||    35
Dodge: Dodged            |    55 |    34 |   145 ||   234

Table legend:
 A = Non-vault XP
 B = Vault XP
 C = Vault XP percentage of total XP
 D = Non-vault monster count
 E = Vault monster count
 F = Vault count percentage of total count
                 A         B        C        D         E       F
            +---------+---------+-------+---------+---------+-------
      Total |    2324 |    1392 |  37.5 |      94 |      15 |  13.8
            +---------+---------+-------+---------+---------+-------
        D:1 |      33 |       0 |   0.0 |      17 |       0 |   0.0
        D:2 |      34 |       0 |   0.0 |      13 |       0 |   0.0
        D:3 |      33 |       0 |   0.0 |       5 |       0 |   0.0
        D:4 |     568 |       0 |   0.0 |      18 |       0 |   0.0
        D:5 |     279 |     183 |  39.6 |       7 |       7 |  50.0
        D:6 |     319 |       0 |   0.0 |      10 |       0 |   0.0
        D:7 |     674 |       0 |   0.0 |      17 |       0 |   0.0
        D:8 |     384 |    1209 |  75.9 |       7 |       8 |  53.3
            +---------+---------+-------+---------+---------+-------
